 Dungeon Crawl Stone Soup version 0.21-a0-110-g8e1637b (webtiles) character file.

586902 Monsterracer the Slayer (level 27, -22/247 HPs)
             Began as a Human Berserker on July 9, 2017.
             Was the Champion of Trog.
             Annihilated by an Orb Guardian (37 damage)
             ... on level 5 of the Realm of Zot on July 10, 2017.
             The game lasted 03:47:12 (61878 turns).

Monsterracer the Slayer (Human Berserker)          Turns: 61878, Time: 03:47:12

Health: -22/247    AC: 50    Str: 32    XL:     27
Magic:  19/20      EV: 27    Int: 11    God:    Trog [******]
Gold:   1579       SH: 17    Dex: 28    Spells: 26/26 levels left

rFire    + + +     SeeInvis +   a - +9 demon whip (elec)
rCold    . . .     Gourm    .   M - +0 shield {AC+3}
rNeg     + . .     Faith    .   u - +8 plate armour of Inevitability {-Cast rF+ Dex+4}
rPois    .         Spirit   .   O - +2 helmet {SInv}
rElec    .         Reflect  .   A - +2 cloak {+Inv}
rCorr    .         Harm     .   e - +2 pair of gloves
MR       ++++.     Rnd*Tele +   z - +2 pair of boots Stlth ..........NoCast +
                                h - amulet of regeneration
HPRegen  0.91/turn              r - ring "Gochiv" {MR++ AC+5 Str+7 Slay-5}
MPRegen  0.17/turn              m - ring of positive energy

@: mighty, berserk cooldown, hasted and slowed
A: clever 1, fire resistance 2, low mp 1, strong 1, teleportitis 1
}: 3/15 runes: serpentine, barnacled, silver
a: Berserk, Trog's Hand, Brothers in Arms, Burn Spellbooks, Renounce Religion,
Evoke Invisibility


You were on level 5 of the Realm of Zot.
You worshipped Trog.
Trog was exalted by your worship.
You were not hungry.

You visited 8 branches of the dungeon, and saw 46 of its levels.
You visited the Abyss 1 time.
You also visited: Labyrinth, Bailey, Ice Cave and Desolation.

You collected 5303 gold pieces.
You spent 3724 gold pieces at shops.

Inventory:

Hand Weapons
 a - a +9 demon whip of electrocution (weapon)
 b - the +9 flail of Trog's Supremacy {crush, rPois rC++}
   (Trog gifted it to you on level 5 of the Depths)

   It inflicts extra damage upon your enemies.
   It greatly protects you from cold.
   It protects you from poison.
Missiles
 G - 9 throwing nets (quivered)
Armour
 e - a +2 pair of gloves (worn)
 u - the +8 plate armour of Inevitability (worn) {-Cast rF+ Dex+4}
   (You took it off a minotaur in a labyrinth)

   It affects your dexterity (+4).
   It protects you from fire.
   It prevents spellcasting.
 z - a +2 pair of boots (worn)
 A - a +2 cloak of invisibility (worn)
 M - a +0 shield of protection (worn)
 O - a +2 helmet of see invisible (worn)
Jewellery
 h - an amulet of regeneration (around neck)
 m - a ring of positive energy (right hand)
 r - the ring "Gochiv" (left hand) {MR++ AC+5 Str+7 Slay-5}
   (You bought it in a shop on level 2 of the Vaults)

   [ring of protection]

   It affects your AC (+5).
   It affects your strength (+7).
   It affects your accuracy and damage with ranged weapons and melee attacks
   (-5).
   It affects your resistance to hostile enchantments.
 R - an uncursed ring of resist corrosion
 U - an uncursed ring of protection from cold
 V - the ring "Odigrett" {rPois rF+}
   (You found it in the Desolation of Salt)

   [ring of poison resistance]

   It protects you from fire.
   It protects you from poison.
Wands
 y - a wand of digging (13/24)
 B - a wand of scattershot (3/9)
 D - a wand of clouds (3/9)
 E - a wand of digging (9/24)
 T - a wand of scattershot (2/9)
Scrolls
 d - 20 scrolls of identify
 g - 6 scrolls of recharging
 k - 9 scrolls of teleportation
 s - 23 scrolls of remove curse
 v - 6 scrolls of fear
 x - 7 scrolls of fog
 L - 7 scrolls of blinking
Potions
 j - 4 potions of berserk rage
 n - 2 potions of invisibility
 p - 4 potions of agility
 q - 4 potions of cancellation
 t - 13 potions of mutation
 F - 6 potions of might
 H - 4 potions of haste
 I - 12 potions of flight
 K - 9 potions of curing
 N - a potion of resistance
Comestibles
 c - 30 bread rations
 f - 15 meat rations
 l - 26 royal jellies


   Skills:
 * Level 26.8 Fighting
 + Level 20.5 Maces & Flails
 + Level 20.1 Armour
 + Level 20.1 Dodging
 - Level 15.0 Shields


You had 26 spell levels left.
You didn't know any spells.

Dungeon Overview and Level Annotations

Branches:
Dungeon (15/15)            Temple (0/1) D:7            Lair (6/6) D:9
 Shoals (4/4) Lair:2        Snake (4/4) Lair:2        Slime (0/5) Lair:6
    Orc (2/2) D:12            Elf (0/3) Orc:2        Vaults (5/5) D:14
  Crypt (0/3) Vaults:2     Depths (5/5) D:15            Zot (5/5) Depths:5

Altars:
Ashenzari
Cheibriados
Elyvilon
Gozag
Kikubaaqudgha
Makhleb
Ru
Sif Muna
Xom
Zin
The Shining One
Lugonu

Shops:
D:4 [   D:9 [   D:10 [   D:12 :   Orc:2 **=%   Snake:1 (   Vaults:2 =
Vaults:3 [   Depths:3 (:

Portals:
Hell: Depths:1 Depths:2 Depths:3 Depths:4 Depths:5
Abyss: Depths:1 Depths:3 Depths:4
Pandemonium: Depths:3
Ziggurat: Depths:3

Annotations:
Lair:1 exclusion: 2 oklob plants
Lair:6 exclusion: oklob plant


Innate Abilities, Weirdness & Mutations

Your mind is acute. (Int +2)
Your flesh is very heat resistant. (rF++)
Your magical capacity is low. (-10% MP)
Your muscles are strong. (Str +2)
You are occasionally teleported next to monsters.


Message History

You feel extremely strange.
Your vision sharpens.
You feel a little more calm.
You feel clumsy.
You feel agile.
You found a bolt trap!
You hear a distant "Zot"!
You block the Killer Klown's attack. The Orb Guardian closely misses you.
The Killer Klown misses you.
An Orb Guardian and a white draconian come into view.
Unknown command.
Unknown command.
Unknown command.
You feel yourself speed up. The Orb Guardian hits you!
* * * LOW HITPOINT WARNING * * *
The Killer Klown blinks!
The Orb Guardian moves out of view.
The moth of wrath goads the Orb Guardian on!
The Orb Guardian goes berserk!
The white draconian breathes frost at you.
The chilling blast hits you! You block the Orb Guardian's attack.
The Orb Guardian hits you!!!
You die...

..# *,,,,,,,,,,,,,,,,,,,,*
..## *,,,,,,,,,,,.......,,*
...##*,,,,,,,,,,,.......,,*
#...###,,,,,,,,,,.......,**
##....#*,,,,,,,,,.......**
###..^....,,,,,,......#*
*▓▓▓▓▓▓▓▓▓▓▓##d....▓▓
****,.......§X.....▓*
***,,,,.......@X......**
**,,,,,,..........^....,**
*,,,,,,,.......y.......,,*
**,,,,,,,..........p....,,*
**,,,,,,,...............,**
,*,,,,,,,...............**
,,,,,,,,,.........L....▓*
,*,,,,,,,...........*...**
**,,,,,,,,,,,,,,,,,,,,,,,**


You could see an orb of fire (wandering), a Killer Klown, an ancient lich
(wandering), a white draconian, 2 Orb Guardians and a moth of wrath.

Vanquished Creatures
  2 orbs of fire (Zot:5)
  2 ancient liches (Zot:5)
  A juggernaut (Depths:5)
  Boris (Vaults:3)
  Frederick (Depths:5)
  Xtahua (Depths:5)
  A curse toe (Zot:3)
  A Killer Klown (Zot:5)
  6 caustic shrikes
  3 golden dragons
  Nikola (Shoals:4)
  2 Tzitzimimeh (Depths:2)
  An electric golem (Zot:5)
  21 tentacled monstrosities
  8 Orb Guardians (Zot:5)
  4 liches
  4 titans
  3 quicksilver dragons
  2 krakens
  9 sphinxes
  Polyphemus (Shoals:4)
  5 death cobs
  10 shadow dragons
  7 tengu reavers
  8 storm dragons
  Kirke (Shoals:4)
  8 nagarajas
  Ilsuiw (Shoals:3)
  10 frost giants
  15 fire giants
  Aizul (Snake:1)
  An iron dragon (Depths:5)
  6 draconian knights
  14 vault wardens
  2 imperial myrmidons (Desolation)
  A ghost moth (Zot:5)
  3 draconian shifters
  A balrug (Depths:3)
  4 draconian scorchers (Zot:1)
  2 deep elf sorcerers
  A ghoul (Vaults:3)
  4 spriggan defenders
  2 angels (Vaults:1)
  18 ironheart preservers
  10 very ugly things
  5 draconian stormcallers
  A deep elf elementalist (Depths:3)
  3 draconian annihilators
  A caustic shrike skeleton (Depths:2)
  3 entropy weavers
  3 deep elf demonologists
  2 war gargoyles
  3 vampire knights
  22 stone giants
  5 green draconians
  2 red draconians
  3 halazid warlocks (Desolation)
  3 black draconians
  9 purple draconians
  3 white draconians
  2 deep elf annihilators
  3 yellow draconians
  7 spark wasps
  3 merfolk javelineers
  5 deep elf death magi
  14 ettins
  A green death (Depths:4)
  11 fire dragons
  A crystal guardian (Desolation)
  6 ragged hierophants (Desolation)
  2 jiangshi (Depths:3)
  A minotaur (Lab)
  Josephine (Lair:5)
  16 yaktaur captains
  13 merfolk impalers
  12 naga warriors
  9 great orbs of eyes
  12 ice dragons
  35 vault guards
  10 hydras
  6 servants of whispers (Desolation)
  6 peacekeepers (Desolation)
  5 rakshasas
  9 centaur warriors
  5 spriggan air magi
  2 death knights (Vaults:3)
  Erica (D:8)
  2 merfolk avatars
  11 anacondas
  8 merfolk aquamancers
  9 ogre magi
  An alligator snapping turtle (Shoals:4)
  2 satyrs (Shoals:4)
  3 catoblepae
  24 two-headed ogres
  2 dancing weapons
  4 vampire magi
  12 deep troll earth magi
  A queen ant (D:9)
  8 tengu warriors
  16 death yaks
  Urug (D:15)
  5 deep troll shamans
  6 shock serpents
  2 orc high priests (Orc:2)
  16 naga sharpshooters
  9 spriggan berserkers
  2 deep elf knights
  7 hell knights
  A titan skeleton (Depths:1)
  2 salamander mystics
  A sixfirhy (Depths:4)
  2 shadow wraiths
  2 unseen horrors
  3 skeletal warriors
  3 flayed ghosts
  3 wizards
  9 sea snakes
  24 deep trolls
  5 glowing orange brains
  An obsidian statue (Depths:4)
  14 orc knights
  A death drake (shapeshifter) (Depths:3)
  A lindwurm (shapeshifter) (Depths:5)
  4 phantasmal warriors
  8 naga ritualists
  4 deep elf archers
  A glowing orange brain (shapeshifter) (Depths:5)
  A sphinx zombie (Depths:2)
  24 ironbrand convokers
  Pikel (D:8)
  19 harpies
  9 mana vipers
  A golden dragon skeleton (Depths:2)
  6 necromancers
  A tengu skeleton (Vaults:4)
  5 orc sorcerers
  A stone giant zombie (Vaults:4)
  6 cyclopes
  5 wolf spiders
  A salamander (shapeshifter) (Depths:1)
  42 ugly things
  5 deep elf magi
  11 fauns
  17 salamanders
  17 slime creatures
  A mana viper (shapeshifter) (D:14)
  11 merfolk sirens
  17 manticores
  5 guardian serpents
  A moth of wrath (shapeshifter) (Depths:5)
  A guardian serpent (shapeshifter) (Depths:3)
  6 moths of wrath
  23 naga magi
  A smoke demon (Depths:4)
  45 black mambas
  2 molten gargoyles (Desolation)
  7 water nymphs
  A fire giant skeleton (Vaults:4)
  An ice statue (IceCv)
  17 spiny frogs
  An eye of devastation (shapeshifter) (D:14)
  Psyche (D:8)
  3 spriggan zombies
  2 black mambas (shapeshifter) (Vaults:3)
  A rust devil (Depths:3)
  3 kobold demonologists
  An orange demon (Depths:3)
  A gargoyle (D:12)
  A spiny frog (shapeshifter) (Depths:2)
  14 vault sentinels
  5 spectral swamp worms (Depths:2)
  3 torpor snails
  7 freezing wraiths
  67 yaktaurs
  5 rime drakes
  A tormentor (Depths:4)
  9 komodo dragons
  A hellwing (Depths:4)
  2 ice devils (Depths:3)
  4 guardian mummies (D:14)
  5 tengu conjurers
  A red devil (Depths:4)
  A jumping spider (shapeshifter) (Depths:4)
  16 polar bears (IceCv)
  6 trolls
  33 merfolk
  7 hornets
  2 queen bees (shapeshifter)
  A tengu simulacrum (Vaults:2)
  2 wind drakes (shapeshifter)
  2 hornets (shapeshifter)
  25 blink frogs
  9 dream sheep
  3 tyrant leeches (Lair:6)
  7 wind drakes
  44 saltlings (Desolation)
  5 snapping turtles
  A stone giant simulacrum (Depths:1)
  A meliai zombie (D:14)
  18 hippogriffs
  A dream sheep (shapeshifter) (D:15)
  2 air elementals
  2 spriggans
  3 vampires (Vaults:2)
  8 wraiths
  7 redbacks
  A tarantella (Vaults:4)
  5 hogs (Shoals:4)
  A wyvern (Lair:6)
  12 water elementals
  An ice dragon skeleton (Depths:1)
  67 yaks
  A basilisk (shapeshifter) (Vaults:3)
  A fire elemental (Orc:2)
  A spriggan simulacrum (Depths:2)
  5 shadows
  2 yaks (shapeshifter)
  Eustachio (D:6)
  5 basilisks
  A steam dragon (D:15)
  6 vampire mosquitoes
  5 wargs
  A chaos spawn (Depths:4)
  3 acid dragons
  57 nagas
  4 soldier ants (D:9)
  A soldier ant (shapeshifter) (Vaults:3)
  Edmund (D:6)
  A hell hound (Depths:4)
  A floating eye (Depths:2)
  4 porcupines
  A deep troll skeleton (Vaults:4)
  11 water moccasins
  35 orc warriors
  An ice beast (Vaults:4)
  A sky beast (shapeshifter) (Depths:2)
  3 phantoms
  An ice beast (shapeshifter) (Depths:5)
  3 sky beasts
  10 boggarts
  23 ogres
  2 black bears (shapeshifter)
  2 necrophages
  19 wolves
  19 centaurs
  6 big kobolds
  17 crocodiles
  A bullfrog (shapeshifter) (Depths:2)
  33 bullfrogs
  A deep troll simulacrum (Vaults:3)
  A water moccasin zombie (D:8)
  3 wyvern skeletons
  3 scorpions
  A small abomination (Abyss:1)
  5 killer bees (D:10)
  6 howler monkeys
  7 electric eels
  4 lava snakes (Lab)
  9 crimson imps
  A centaur zombie (D:6)
  9 hounds
  2 human simulacra (Vaults:2)
  2 quasits
  A bullfrog zombie (D:5)
  3 iron imps
  19 orc priests
  2 bullfrog skeletons
  5 centaur skeletons
  4 iguanas
  Terence (D:3)
  27 orc wizards
  26 worker ants
  A killer bee zombie (D:9)
  A hound skeleton (D:4)
  4 mummies (D:14)
  A howler monkey zombie (D:9)
  A worker ant zombie (D:7)
  A howler monkey skeleton (D:11)
  14 adders
  15 gnolls
  6 shadow imps
  2 white imps
  4 ufetubi
  2 oozes
  4 worms
  A dart slug (D:1)
  4 leopard geckos
  74 orcs
  3 ball pythons
  4 giant cockroaches
  21 goblins
  8 hobgoblins
  16 jackals
  41 kobolds
  5 quokkas
  3 bats
  6 frilled lizards
  A jackal skeleton (D:4)
  2 jackal zombies (D:9)
  A leopard gecko zombie (D:5)
  7 rats
  3 plants
  5 tentacles
2150 creatures vanquished.

Vanquished Creatures (collateral kills)
  Vashnia (Snake:3)
  2 titans (Vaults:5)
  A tengu reaver (Vaults:5)
  A nagaraja (Snake:4)
  A vault warden (Vaults:5)
  2 ironheart preservers (Vaults:5)
  A stone giant (Vaults:5)
  A purple draconian (Zot:5)
  A black draconian (Zot:5)
  A merfolk javelineer (Shoals:4)
  3 yaktaur captains
  A merfolk avatar (Shoals:1)
  3 anacondas (Snake:4)
  An orc high priest (Orc:2)
  2 naga sharpshooters (Snake:3)
  A soul eater (Depths:4)
  A naga ritualist (Snake:4)
  A deep troll (Vaults:5)
  A sea snake (Shoals:3)
  2 deep elf magi (Vaults:5)
  An orc knight (Orc:2)
  A harpy (Shoals:4)
  2 orc sorcerers (Orc:2)
  A mana viper (Snake:1)
  A cyclops (Shoals:3)
  A merfolk siren (Shoals:3)
  2 naga magi (Snake:3)
  2 black mambas
  A yaktaur (Vaults:5)
  A red devil (Depths:4)
  2 dream sheep (Shoals:3)
  A ynoxinul (Depths:4)
  A wyvern (D:8)
  A hog (Shoals:4)
  4 nagas
  3 orc warriors
  An orc priest (Orc:2)
  2 iron imps (Depths:4)
  A worker ant (D:7)
  An orc (D:7)
  2 tentacles (Shoals:1)
60 creatures vanquished.

Vanquished Creatures (others)
  A fire giant (Depths:3)
  A draconian shifter (Zot:4)
  A black draconian (Zot:4)
  A rakshasa (D:15)
  A shock serpent (Snake:4)
  An unseen horror (Vaults:1)
  A deep troll (Vaults:2)
  A merfolk (Shoals:4)
  A snapping turtle (Shoals:4)
  A raiju (Zot:4)
  A chaos spawn (Depths:3)
  An acid dragon (Vaults:1)
  A centaur (D:14)
  A quasit (Abyss:1)
  6 kobolds (D:8)
  6 fungi
  34 plants
  14 starspawn tentacles (Abyss:1)
  19 tentacles
93 creatures vanquished.

Grand Total: 2303 creatures vanquished

Notes
Turn   | Place    | Note
-------+----------+-------------------------------------------
     0 | D:1      | Monsterracer the Human Berserker began the quest for the Orb.
     0 | D:1      | Reached XP level 1. HP: 18/18 MP: 1/1
   315 | D:1      | Reached XP level 2. HP: 24/24 MP: 2/2
   541 | D:1      | Gained mutation: You tend to lose your temper in combat. [potion of mutation]
   541 | D:1      | Gained mutation: Your flesh is cold resistant. (rC+) [potion of mutation]
   541 | D:1      | Gained mutation: You are weak. (Str -2) [potion of mutation]
   541 | D:1      | Gained mutation: You are agile. (Dex +2) [potion of mutation]
   612 | D:1      | Reached XP level 3. HP: 24/29 MP: 3/3
  1013 | D:2      | Reached ** piety under Trog
  1119 | D:1      | Reached XP level 4. HP: 12/35 MP: 4/4
  1123 | D:1      | Lost mutation: You tend to lose your temper in combat. [potion of mutation]
  1123 | D:1      | Lost mutation: You are weak. (Str -2) [potion of mutation]
  1123 | D:1      | Lost mutation: You are agile. (Dex +2) [potion of mutation]
  1123 | D:1      | Lost mutation: Your flesh is cold resistant. (rC+) [potion of mutation]
  1123 | D:1      | Gained mutation: Your muscles are strong. (Str +2) [potion of mutation]
  1123 | D:1      | Gained mutation: Your flesh is heat resistant. (rF+) [potion of mutation]
  1123 | D:1      | Gained mutation: You passively map a small area around you. [potion of mutation]
  1123 | D:1      | Gained mutation: Your spells are a little harder to cast, but a little more powerful. [potion of mutation]
  1596 | D:2      | Reached skill level 5 in Maces & Flails
  2016 | D:3      | Reached XP level 5. HP: 30/41 MP: 5/5
  2322 | D:3      | Noticed Terence
  2330 | D:3      | Killed Terence
  2385 | D:3      | Reached XP level 6. HP: 35/47 MP: 6/6
  2482 | D:3      | Found a burning altar of Makhleb.
  3106 | D:4      | Reached *** piety under Trog
  3134 | D:4      | Noticed an ogre
  3140 | D:4      | Killed an ogre
  3140 | D:4      | Reached XP level 7. HP: 53/53 MP: 7/7
  3258 | D:4      | Reached skill level 4 in Fighting
  3300 | D:4      | Found Dunidd's Armour Shoppe.
  3971 | D:5      | Entered Level 5 of the Dungeon
  4297 | D:5      | Reached XP level 8. HP: 61/61 MP: 8/8
  4329 | D:5      | Reached **** piety under Trog
  4363 | D:5      | Identified the +2 leather armour of Mueskik {rC+ Str+4} (You found it on level 5 of the Dungeon)
  4461 | D:5      | Found a shimmering altar of Xom.
  4887 | D:6      | Reached skill level 5 in Fighting
  5068 | D:6      | Reached XP level 9. HP: 68/68 MP: 9/9
  5156 | D:6      | Found a snail-covered altar of Cheibriados.
  5167 | D:6      | Noticed Edmund
  5180 | D:6      | Killed Edmund
  5493 | D:6      | Noticed Eustachio
  5519 | D:6      | Killed Eustachio
  5588 | D:6      | Reached skill level 5 in Armour
  5588 | D:6      | Reached skill level 5 in Dodging
  6107 | D:7      | Found a staircase to the Ecumenical Temple.
  6146 | D:7      | Reached ***** piety under Trog
  6208 | D:7      | Reached skill level 6 in Fighting
  6586 | D:8      | Reached XP level 10. HP: 65/77 MP: 10/10
  6708 | D:8      | Noticed Psyche
  6720 | D:8      | Cast into level 1 of the Abyss (Psyche)
  6720 | Abyss:1  | Found a corrupted altar of Lugonu.
  6761 | Abyss:1  | Noticed an ice devil
  6792 | Abyss:1  | Noticed a starcursed mass
  6822 | Abyss:1  | Noticed a tentacled starspawn
  6913 | Abyss:1  | Noticed a smoke demon
  6923 | Abyss:1  | Noticed a wretched star
  6936 | Abyss:1  | Noticed a glowing orange brain
  6977 | Abyss:1  | Noticed a sixfirhy
  6990 | Abyss:1  | Noticed a starcursed mass
  7007 | Abyss:1  | Noticed a tentacled starspawn
  7011 | Abyss:1  | Noticed a thrashing horror
  7018 | Abyss:1  | Noticed a Hell Sentinel
  7024 | D:8      | Escaped the Abyss
  7164 | D:8      | Killed Psyche
  7164 | D:8      | Reached skill level 10 in Maces & Flails
  7424 | D:8      | Reached skill level 7 in Fighting
  7492 | D:8      | Noticed a two-headed ogre
  7555 | D:8      | Noticed Pikel
  7562 | D:8      | Killed Pikel
  7710 | D:8      | Noticed Erica
  7721 | D:8      | Killed Erica
  7727 | D:8      | HP: 2/79 [two-headed ogre/giant club (14)]
  7864 | D:8      | Killed a two-headed ogre
  7864 | D:8      | Reached XP level 11. HP: 39/84 MP: 11/11
  8682 | D:9      | Reached skill level 8 in Fighting
  8760 | D:9      | Noticed a queen ant
  8768 | D:9      | Killed a queen ant
  9090 | D:9      | Found Lutu's Antique Armour Shop.
  9150 | D:9      | Bought a twisted scale mail for 234 gold pieces
  9150 | D:9      | Identified the +8 scale mail of Slovenliness {Str+9 Int+3 Dex-5 Stlth+} (You bought it in a shop on level 9 of the Dungeon)
  9265 | D:9      | Received a gift from Trog
  9473 | D:9      | Found a staircase to the Lair.
  9799 | D:10     | Entered Level 10 of the Dungeon
  9799 | D:10     | Found Bushred's Antique Armour Emporium.
  9805 | D:10     | Reached XP level 12. HP: 94/94 MP: 12/12
  9911 | D:10     | Reached skill level 9 in Fighting
 10240 | D:10     | Reached ****** piety under Trog
 10431 | Lair:1   | Entered Level 1 of the Lair of Beasts
 10431 | Lair:1   | Noticed a four-headed hydra
 10444 | Lair:1   | Killed a four-headed hydra
 10634 | Lair:1   | Received a gift from Trog
 10728 | Lair:1   | Found an ancient bone altar of Kikubaaqudgha.
 11004 | Lair:1   | Noticed a seven-headed hydra
 11011 | Lair:1   | Killed a seven-headed hydra
 11289 | Lair:2   | Found a staircase to the Shoals.
 11352 | Lair:2   | Found a staircase to the Snake Pit.
 11354 | Lair:2   | Found a labyrinth entrance.
 11364 | Lair:2   | Reached skill level 10 in Fighting
 11374 | Lab      | Entered a labyrinth
 11486 | Lab      | Got a scorched platinum ring
 11499 | Lab      | Identified the ring of Xom's Best Wishes {*Tele rElec rF++} (You found it in a labyrinth)
 11583 | Lab      | Noticed a minotaur
 11593 | Lab      | Killed a minotaur
 11600 | Lab      | Identified the +2 morningstar of Atan {holy, Str+4 Dex-2 Stlth+} (You took it off a minotaur in a labyrinth)
 11601 | Lab      | Identified the +8 plate armour of Inevitability {-Cast rF+ Dex+4} (You took it off a minotaur in a labyrinth)
 11640 | Lab      | Identified the Catalogue of Fetching Combat Magic
 11661 | Lair:2   | Found a frozen archway.
 11712 | IceCv    | Entered an ice cave
 11746 | IceCv    | Reached XP level 13. HP: 104/104 MP: 13/13
 11934 | IceCv    | Reached skill level 11 in Fighting
 12077 | IceCv    | Reached skill level 10 in Armour
 12480 | IceCv    | Received a gift from Trog
 12593 | IceCv    | Noticed a frost giant
 12637 | IceCv    | Reached skill level 12 in Fighting
 12637 | IceCv    | Reached skill level 10 in Dodging
 12648 | IceCv    | Killed a frost giant
 12701 | IceCv    | Received a gift from Trog
 13315 | Lair:2   | You fall through a shaft!
 13647 | Lair:2   | Reached XP level 14. HP: 116/116 MP: 14/14
 15068 | Lair:4   | Reached skill level 13 in Fighting
 16400 | Lair:5   | Received a gift from Trog
 16490 | Lair:5   | Noticed Josephine
 16511 | Lair:5   | Killed Josephine
 16849 | Lair:6   | Entered Level 6 of the Lair of Beasts
 16863 | Lair:6   | Found a staircase to the Slime Pits.
 17194 | Lair:5   | Reached XP level 15. HP: 97/125 MP: 15/15
 17265 | Lair:5   | Reached skill level 14 in Fighting
 17557 | Lair:6   | Received a gift from Trog
 17722 | Lair:6   | Identified the +1 leather armour of the Other Side {*Contam MR+ Int+6 Stlth+} (You found it on level 6 of the Lair of Beasts)
 19399 | D:11     | Found a deep blue altar of Sif Muna.
 19744 | D:12     | Found Vauppaon's Book Shoppe.
 19981 | D:12     | Found a staircase to the Orcish Mines.
 20276 | Orc:1    | Entered Level 1 of the Orcish Mines
 20280 | Orc:1    | Received a gift from Trog
 20832 | Orc:2    | Entered Level 2 of the Orcish Mines
 20961 | Orc:2    | Found a staircase to the Elven Halls.
 21201 | Orc:2    | Reached XP level 16. HP: 134/134 MP: 16/16
 21294 | Orc:2    | Reached skill level 15 in Fighting
 21507 | Orc:2    | Found Veuk's General Store.
 21511 | Orc:2    | Found Ivarypod's Assorted Antiques.
 21518 | Orc:2    | Found Soatopo's Jewellery Emporium.
 21520 | Orc:2    | Found Maytha Erro's Food Boutique.
 21526 | Orc:2    | Bought the amulet "Diutet" {Inacc rPois MR+} for 199 gold pieces
 21562 | Orc:2    | Bought an uncursed ring of resist corrosion for 300 gold pieces
 21861 | Orc:1    | Paralysed by an orc sorcerer for 3 turns
 21998 | D:12     | Bought a manual of Fighting for 1435 gold pieces
 22127 | D:13     | Received a gift from Trog
 22271 | D:13     | Found a glowing golden altar of the Shining One.
 22717 | D:14     | Found a gate to the Vaults.
 23117 | D:14     | Found a flagged portal.
 23134 | Bailey   | Entered a bailey
 23220 | Bailey   | Found an iron altar of Okawaru.
 23235 | Bailey   | Gained mutation: Your flesh is very heat resistant. (rF++) [a neqoxec]
 23237 | Bailey   | Received a gift from Trog
 24359 | D:15     | Entered Level 15 of the Dungeon
 24567 | D:15     | Noticed Urug
 24581 | D:15     | Killed Urug
 24581 | D:15     | Reached skill level 16 in Fighting
 24944 | D:15     | Found a staircase to the Depths.
 25310 | Snake:1  | Entered Level 1 of the Snake Pit
 25373 | Snake:1  | Found Pufeihad's Weapon Shop.
 25772 | Snake:1  | Reached skill level 5 in Shields
 25925 | Snake:1  | Reached XP level 17. HP: 146/146 MP: 17/17
 26198 | Snake:2  | Noticed Aizul
 26431 | Snake:1  | Killed Aizul
 27967 | Snake:3  | Reached skill level 17 in Fighting
 28118 | Snake:3  | Noticed Vashnia
 28130 | Snake:3  | Killed Vashnia
 28659 | Snake:3  | Received a gift from Trog
 29973 | Snake:4  | Entered Level 4 of the Snake Pit
 30028 | Snake:4  | Reached skill level 18 in Fighting
 30184 | Snake:4  | Reached XP level 18. HP: 121/157 MP: 18/18
 30222 | Snake:4  | Received a gift from Trog
 30314 | Snake:4  | Got a pitted mace {god gift}
 30315 | Snake:4  | Identified the +2 mace of Feread {holy, +Blink Int-5 Dex+7} (Trog gifted it to you on level 4 of the Snake Pit)
 30561 | Snake:3  | Reached skill level 10 in Shields
 31757 | Snake:4  | Reached skill level 19 in Fighting
 32006 | Snake:4  | Received a gift from Trog
 32514 | Snake:4  | Got a serpentine rune of Zot
 32765 | Snake:4  | Reached XP level 19. HP: 155/167 MP: 19/19
 32924 | Shoals:1 | Entered Level 1 of the Shoals
 33240 | Shoals:1 | Received a gift from Trog
 34847 | Shoals:3 | Reached skill level 15 in Maces & Flails
 35271 | Shoals:4 | Entered Level 4 of the Shoals
 35303 | Shoals:4 | Reached skill level 20 in Fighting
 35433 | Shoals:4 | Received a gift from Trog
 36066 | Shoals:4 | Got a smoking amethyst amulet
 36067 | Shoals:4 | Identified the amulet of Liberty {Harm *Drain rElec Int+9 Dex-4 Stlth-} (You found it on level 4 of the Shoals)
 36375 | Shoals:4 | Noticed Ilsuiw
 36631 | Shoals:3 | Killed Ilsuiw
 36631 | Shoals:3 | Reached XP level 20. HP: 176/176 MP: 20/20
 36780 | Shoals:4 | Noticed Kirke
 36795 | Shoals:4 | Killed Kirke
 36968 | Shoals:3 | Reached skill level 15 in Armour
 37462 | Shoals:4 | Got a barnacled rune of Zot
 37475 | Shoals:4 | Noticed Nikola
 37484 | Shoals:4 | Noticed Polyphemus
 37519 | Shoals:4 | Killed Polyphemus
 37536 | Shoals:4 | Killed Nikola
 37828 | Shoals:4 | Identified the cursed +1 scale mail of Lifelessness {rElec MR+ SInv} (You found it on level 4 of the Shoals)
 37934 | Shoals:1 | Received a gift from Trog
 38142 | Vaults:1 | Entered Level 1 of the Vaults
 38284 | Vaults:1 | Found a ruined gateway.
 38286 | Vaults:1 | Found a white marble altar of Elyvilon.
 38286 | Vaults:1 | Found a glowing golden altar of the Shining One.
 38286 | Vaults:1 | Found a glowing silver altar of Zin.
 38301 | Vaults:1 | Reached skill level 15 in Dodging
 38384 | Desolati | Entered the Desolation of Salt
 38435 | Desolati | Got a flickering platinum ring
 38437 | Desolati | Got a glittering brass ring
 38439 | Desolati | Identified the ring of Zerien {*Drain rN+ Int+2 Dex+3} (You found it in the Desolation of Salt)
 38441 | Desolati | Identified the ring "Odigrett" {rPois rF+} (You found it in the Desolation of Salt)
 38579 | Desolati | Identified the Disquisition on Aerial Good Luck
 38789 | Desolati | Received a gift from Trog
 39305 | Desolati | Reached XP level 21. HP: 165/185 MP: 21/21
 39503 | Desolati | Reached skill level 21 in Fighting
 40076 | Vaults:1 | Received a gift from Trog
 40495 | Vaults:1 | Received a gift from Trog
 41857 | Vaults:2 | Found Toanou's Jewellery Shoppe.
 41901 | Vaults:2 | Received a gift from Trog
 42232 | Vaults:2 | Found a staircase to the Crypt.
 42531 | Vaults:2 | Reached XP level 22. HP: 178/194 MP: 22/22
 42699 | Vaults:2 | Received a gift from Trog
 42754 | Vaults:2 | Identified the +9 flail "Mukkoywkul" {crush, rF+} (Trog gifted it to you on level 2 of the Vaults)
 43358 | Vaults:3 | Noticed Boris
 43470 | Vaults:3 | Received a gift from Trog
 43867 | Vaults:3 | Killed Boris
 43896 | Vaults:3 | Reached skill level 22 in Fighting
 43897 | Vaults:3 | HP: 9/196 [???[a lich] (6)]
 44158 | Vaults:3 | Found Pitydum's Antique Armour Emporium.
 44184 | Vaults:3 | Bought a shiny helmet for 210 gold pieces
 45085 | Vaults:4 | Received a gift from Trog
 45524 | Vaults:4 | Reached XP level 23. HP: 203/203 MP: 23/23
 46093 | Vaults:4 | Received a gift from Trog
 46306 | Vaults:4 | Received a gift from Trog
 47127 | Depths:1 | Entered Level 1 of the Depths
 47127 | Depths:1 | Found a one-way gate to the infinite horrors of the Abyss.
 48231 | Depths:1 | Found a gateway to Hell.
 48733 | Depths:2 | Reached XP level 24. HP: 200/213 MP: 23/23
 48848 | Depths:2 | Received a gift from Trog
 49285 | Depths:2 | Paralysed by a floating eye for 2 turns
 49308 | Depths:2 | Reached skill level 23 in Fighting
 49472 | Depths:2 | Reached skill level 15 in Shields
 50676 | Vaults:2 | Bought the ring "Gochiv" {MR++ AC+5 Str+7 Slay-5} for 1346 gold pieces
 50961 | Depths:3 | Found a gateway to a ziggurat.
 50992 | Depths:3 | Found a corrupted altar of Lugonu.
 51028 | Depths:3 | Found a shattered altar of Ashenzari.
 51175 | Depths:3 | Found Caechot's Weapon Shoppe.
 51180 | Depths:3 | Found Fyota's Book Shoppe.
 51209 | Depths:3 | Received a gift from Trog
 51381 | Depths:3 | Found a one-way gate leading to the halls of Pandemonium.
 51678 | Depths:3 | Noticed a caustic shrike
 51688 | Depths:3 | Killed a caustic shrike
 51964 | Depths:3 | Got an ancient shield
 51975 | Depths:3 | Identified the +0 shield of Hase {+Blink +Fly} (You found it on level 3 of the Depths)
 52047 | Depths:3 | Noticed a caustic shrike
 52061 | Depths:3 | Killed a caustic shrike
 52320 | Depths:4 | Reached XP level 25. HP: 203/222 MP: 23/23
 52363 | Depths:4 | Received a gift from Trog
 53253 | Depths:5 | Entered Level 5 of the Depths
 53482 | Depths:5 | Received a gift from Trog
 53625 | Depths:5 | Found a sacrificial altar of Ru.
 53625 | Depths:5 | Found an opulent altar of Gozag.
 53626 | Depths:5 | Found an ancient bone altar of Kikubaaqudgha.
 53748 | Depths:5 | Noticed a caustic shrike
 53748 | Depths:5 | Noticed a caustic shrike
 53751 | Depths:5 | Noticed a caustic shrike
 53760 | Depths:5 | Killed a caustic shrike
 53760 | Depths:5 | Reached skill level 24 in Fighting
 53767 | Depths:5 | Killed a caustic shrike
 53773 | Depths:5 | Killed a caustic shrike
 53821 | Depths:5 | Found a gate to the Realm of Zot.
 54040 | Depths:5 | Noticed Frederick
 54078 | Depths:5 | Killed Frederick
 54153 | Depths:5 | Received a gift from Trog
 54154 | Depths:5 | Noticed Xtahua
 54167 | Depths:5 | Killed Xtahua
 54184 | Depths:5 | Identified the +9 flail of Trog's Supremacy {crush, rPois rC++} (Trog gifted it to you on level 5 of the Depths)
 54494 | Depths:5 | Reached XP level 26. HP: 203/233 MP: 23/23
 55302 | Depths:5 | Noticed a juggernaut
 55310 | Depths:5 | Received a gift from Trog
 55321 | Depths:5 | Killed a juggernaut
 55350 | Depths:5 | Got an ancient lead ring
 55355 | Depths:5 | Identified the ring "Anosiz" {Ice rPois} (You took it off a hell knight on level 5 of the Depths)
 55936 | Vaults:5 | Entered Level 5 of the Vaults
 55953 | Vaults:5 | Reached skill level 25 in Fighting
 56103 | Vaults:5 | Received a gift from Trog
 56392 | Vaults:5 | Reached XP level 27. HP: 242/242 MP: 23/23
 57223 | Vaults:5 | Identified the Volume of Clay and the Blaze
 57227 | Vaults:5 | Received a gift from Trog
 57724 | Vaults:5 | Got a silver rune of Zot
 58453 | Zot:1    | Entered Level 1 of the Realm of Zot
 59796 | Zot:1    | Reached skill level 26 in Fighting
 60452 | Zot:4    | Received a gift from Trog
 60567 | Zot:5    | Entered Level 5 of the Realm of Zot
 61082 | Zot:5    | Noticed an ancient lich
 61095 | Zot:5    | Killed an ancient lich
 61375 | Zot:5    | Noticed an ancient lich
 61394 | Zot:5    | Killed an ancient lich
 61445 | Zot:5    | Noticed an orb of fire
 61448 | Zot:5    | Lost mutation: Your spells are a little harder to cast, but a little more powerful. [an orb of fire]
 61470 | Zot:5    | Killed an orb of fire
 61520 | Zot:5    | Noticed an orb of fire
 61534 | Zot:5    | Noticed an orb of fire
 61537 | Zot:5    | Lost mutation: You passively map a small area around you. [an orb of fire]
 61547 | Zot:5    | Gained mutation: You tend to lose your temper in combat. [an orb of fire]
 61562 | Zot:5    | Noticed an ancient lich
 61567 | Zot:5    | Gained mutation: You are occasionally teleported next to monsters. [an orb of fire]
 61846 | Zot:5    | Gained mutation: Scrolls take you a little longer to read. [an orb of fire]
 61847 | Zot:5    | Gained mutation: Your magical capacity is low. (-10% MP) [an orb of fire]
 61853 | Zot:5    | Killed an orb of fire
 61870 | Zot:5    | Lost mutation: You tend to lose your temper in combat. [an orb of fire]
 61871 | Zot:5    | Gained mutation: Your mind is acute. (Int +2) [an orb of fire]
 61874 | Zot:5    | Gained mutation: You tend to lose your temper in combat. [an orb of fire]
 61877 | Zot:5    | Lost mutation: Scrolls take you a little longer to read. [potion of mutation]
 61877 | Zot:5    | Lost mutation: You tend to lose your temper in combat. [potion of mutation]
 61877 | Zot:5    | Gained mutation: You are clumsy. (Dex -2) [potion of mutation]
 61877 | Zot:5    | Lost mutation: You are clumsy. (Dex -2) [potion of mutation]
 61878 | Zot:5    | Annihilated by an Orb Guardian

Vault maps used:
D:1:      dpeg_arrival_connections
D:2:      first_bread, guppyfry_early_lair_pool
D:3:      overflow_temple_1_default, grunt_ministairs_11, uniq_terence
D:4:      serial_shops, shop
D:5:      tgw_xom
D:6:      cheibriados_altar_1, uniq_eustachio, uniq_edmund
D:7:      minmay_temple_entry_fiery
D:8:      kennysheep_kobold_camp, uniq_psyche, uniq_erica, uniq_pikel
D:9:      erik_lair_dragon, serial_shops, shop_fountains, minmay_another_anthill
D:10:     serial_shops, shop, the_bakery, kennysheep_nub
D:11:     tgw_sif
D:12:     orc_0_dummy, serial_shops, shop_fountains
D:13:     minivault_26, tso_metal_star
D:14:     david_vaults_2, enter_bailey_3, minivault_26,
          minmay_guarded_unrand_curses
D:15:     hangedman_depths_entry_try_elsewhere_first, serial_park_tiny_pond,
          uniq_urug
Lair:1:   cheibrodos_lair_river_kwai, basic_altar, minmay_lair_oklob_chamber
Lair:2:   elwin_shoals_entry_rocks, minmay_snake_entry_spellcaster,
          lab_entry_generic, portal_ice_cave_rime, grunt_megastairs_1
Lair:3:   grunt_megastairs_5
Lair:4:   lemuel_fruit_tree
Lair:5:   st_stairs_7, uniq_josephine
Lair:6:   minmay_lair_end_frog_pond, minmay_slime_entry_oklob_open,
          infiniplex_staircase_pool_2
Shoals:4: shoals_end_grunt_ice, shoals_ilsuiw_alternative, uniq_kirke,
          uniq_polyphemus, uniq_nikola
Snake:1:  serial_shops, shop, nrook_loot_triangle
Snake:2:  uniq_aizul
Snake:3:  basic_loot_grate_trap, uniq_vashnia
Snake:4:  minmay_snake_end_coiled, special_room, nicolae_coiled_stairwell_up
Orc:2:    st_orc_elflike, nicolae_orc_lava_tube
Vaults:1: nicolae_vaults_circle_grid_a, v_misc_17, v_pattern_4,
          grunt_vaults_funnel, v_rooms_2, vaults_room_hallway, v_rooms_6,
          ontoclasm_vaults_tryst, v_misc_13, ontoclasm_vaults_fault,
          nicolae_vaults_angled_halls, ontoclasm_vaults_spin,
          portal_desolation_entry_holy_temple
Vaults:2: vaults_mumra_hex, hangedman_vaults_cutoff, st_quartered_hall,
          nicolae_vaults_border_crossing, grunt_vaults_hallway_long,
          vaults_dpeg_diagonal, minmay_crypt_entry_vampire_xt,
          hangedman_vaults_snaps, v_misc_1, nicolae_vaults_asterisk,
          serial_shops, shop_fountains
Vaults:3: hangedman_vaults_cutoff, st_diamondy, ontoclasm_vaults_ligature,
          nicolae_vaults_asterisk, nicolae_vaults_little_squares_1,
          ontoclasm_vaults_chip, vaults_dpeg_hooks, vaults_dpeg_ring,
          serial_shops, shop, uniq_boris
Vaults:4: v_misc_28, v_alt_pattern_4, grunt_vaults_bifocal, st_check, v_rooms_3,
          nicolae_vaults_stairing_the_circle, vaults_room_corners,
          vaults_room_stairs_pillars, v_misc_31, serial_ice_m, v_misc_3,
          nicolae_vaults_little_squares_6, nicolae_vaults_diagonal_hallway_9,
          grunt_vaults_hallway_short
Depths:1: hell_entry, hangedman_decor_points, abyss_entry,
          kennysheep_generic_room_7, grunt_megastairs_2
Depths:2: cheibrodos_tormentor_scu, pf_hell_entry_tar_river,
          serial_bayou_ford_a, serial_glass, glass_columns_b, glass_columns_a,
          glass_columns_b, glass_columns_b, glass_columns_b, glass_columns_b,
          minmay_strange_pillars, due_unseen_surprise
Depths:3: evilmike_diamond_1, enter_ziggurat_e, abyss_entry_flame_altar,
          grunt_pan_entry_spiral, hell_entry, evilmike_ruin_ashenzari,
          minmay_shop_star, basic_stair_grate_trap
Depths:4: grated_community_mu, hellmouth_1, abyss_entry_small_statue_room,
          kennysheep_nondescript, hangedman_devilish_allure
Depths:5: hangedman_slaughterboxes, hell_entry, serial_shops, uniq_xtahua,
          uniq_frederick
Zot:2:    grunt_megastairs_3
Zot:4:    infiniplex_zot_generator
Zot:5:    bh_zot_lava_cross, basic_stair_grate_trap
Lab:      labyrinth_spiral, lab_block, nicolae_lab_x, nicolae_lab_plus,
          labyrinth_lava_lair, nicolae_lab_lava, nicolae_lab_grate_2,
          nicolae_lab_stuck, lab_statue, nicolae_lab_checkerboard,
          nicolae_lab_do_over, nicolae_lab_statue, nicolae_lab_grate,
          nicolae_lab_starburst, nicolae_lab_t_cross, nicolae_lab_arrow,
          labyrinth_glass_1, nicolae_lab_flowing_pool
Bailey:   bailey_axe_of_yendor_kennysheep, bailey
IceCv:    ice_cave_caverns_01

Skill      XL: |  1  2  3  4  5  6  7  8  9 10 11 12 13 14 15 16 17 18 19 20 21 22 23 24 25 26 27 |
---------------+----------------------------------------------------------------------------------+-----
Maces & Flails | 4 5 6 8 9 10 12 13 14 15 16 17 18 19 20 | 20.5
Armour         | 3 4 5 7 8 9 10 11 12 13 14 15 16 17 18 20 | 20.1
Dodging        | 3 4 5 6 8 9 10 11 12 13 14 15 16 17 18 20 | 20.1
Fighting       | 4 5 6 7 8 10 12 13 14 16 18 19 20 21 22 23 24 25 26 | 26.8
Shields        | 4 5 9 11 12 13 14 15 | 15.0

Action                   |  1- 3 |  4- 6 |  7- 9 | 10-12 | 13-15 | 16-18 | 19-21 | 22-24 | 25-27 || total
-------------------------+-------+-------+-------+-------+-------+-------+-------+-------+-------++-------
Melee: Mace              |    83 |    36 |       |       |       |       |       |       |       ||   119
       Flail             |       |   159 |   228 |       |       |       |       |       |       ||   387
       Morningstar       |       |       |   175 |   158 |   161 |       |       |       |       ||   494
       Whip              |       |       |       |   661 |  1191 |       |       |       |       ||  1852
       Great mace        |       |       |       |       |   283 |   333 |       |       |       ||   616
       Demon whip        |       |       |       |       |       |  1366 |  2169 |  2199 |  2514 ||  8248
Invok: Berserk           |       |     3 |    11 |    13 |    11 |     5 |    10 |     8 |    15 ||    76
       Trog's Hand       |       |     1 |     1 |     3 |       |     6 |     7 |     3 |     7 ||    28
       Burn Spellbooks   |       |     1 |       |     1 |     3 |     1 |     6 |     4 |     6 ||    22
       Brothers in Arms  |       |       |     1 |     2 |       |     6 |     4 |     3 |     9 ||    25
 Abil: Evoke Blink       |       |       |       |       |       |       |       |       |     1 ||     1
       Evoke Flight      |       |       |       |       |       |       |       |       |     1 ||     1
       Evoke Invisibilit |       |       |       |       |       |       |       |       |     1 ||     1
Evoke: Wand              |       |       |       |     1 |       |       |       |     1 |       ||     2
  Use: Potion            |     3 |     6 |     4 |     3 |     1 |     5 |       |     3 |    18 ||    43
       Scroll            |       |    10 |     4 |    17 |     7 |    13 |     7 |     5 |    22 ||    85
 Stab: Distracted        |       |       |       |     1 |       |       |       |       |     1 ||     2
       Sleeping          |       |       |       |     1 |       |       |       |       |       ||     1
       Petrified         |       |       |       |       |       |       |     6 |       |       ||     6
  Eat: Chunk             |     1 |     9 |    22 |    22 |    39 |    31 |    44 |    33 |    35 ||   236
       Fruit             |       |       |       |     5 |     3 |    18 |     4 |     6 |    15 ||    51
       Meat ration       |       |       |       |     1 |       |       |       |     1 |       ||     2
       Royal jelly       |       |       |       |       |       |       |       |       |     2 ||     2
       Bread ration      |       |       |       |       |       |       |       |       |     1 ||     1
Armor: Scale mail        |    26 |    69 |   184 |   102 |       |       |   169 |   203 |       ||   753
       Skin              |       |     3 |       |       |       |       |       |       |       ||     3
       Plate armour      |       |       |       |   173 |   597 |   735 |   495 |   255 |   798 ||  3053
Dodge: Dodged            |    47 |   102 |   273 |   344 |   714 |   793 |   932 |   957 |  1264 ||  5426
Block: Buckler           |       |       |       |     6 |   252 |    93 |       |       |       ||   351
       Reflection        |       |       |       |       |       |     8 |       |       |       ||     8
       Shield            |       |       |       |       |       |   558 |  1124 |  1047 |  1333 ||  4062
